 Dungeon Crawl Stone Soup version 0.22-a0-580-gd5db89c (webtiles) character file.

680 Amnesiac the Prestidigitator (level 7, -3/33 HPs)
             Began as a Spriggan Wanderer on July 2, 2018.
             Killed by nerve-wracking pain
             ... invoked by a shadow imp
              (16 damage)
             ... on level 6 of the Dungeon.
             The game lasted 00:05:17 (1271 turns).

Amnesiac the Prestidigitator (Spriggan Wanderer)    Turns: 1271, Time: 00:05:18

Health: -3/33      AC:  2    Str: 11    XL:     7   Next: 34%
Magic:  15/15      EV: 15    Int: 14    God:
Gold:   97         SH:  0    Dex: 24    Spells: 8/8 levels left

rFire    . . .     SeeInvis +   v - +7 dagger of Pitom {venom, +Inv Str+4 Int+2 Dex+4}
rCold    . . .     Gourm    .   (shield restricted)
rNeg     . . .     Faith    .   e - +0 robe
rPois    .         Spirit   .   (helmet restricted)
rElec    .         Reflect  .   (no cloak)
rCorr    .         Harm     +   (gloves unavailable)
MR       +....                  (boots unavailable)
Stlth    +++.......             t - amulet of harm
HPRegen  0.11/turn              (no ring)
MPRegen  0.14/turn              (no ring)

@: slightly contaminated, invisible (expiring), very quick
A: very small, unfitting armour, see invisible, herbivore, speed 3, slow
metabolism 2
a: no special abilities


You were on level 6 of the Dungeon.
You were not hungry.

You visited 1 branch of the dungeon, and saw 6 of its levels.

You collected 97 gold pieces.

Inventory:

Hand Weapons
 a - a +0 quarterstaff
 b - a +2 blowgun
 f - a +0 dagger
 r - a cursed -2 flail
 v - the +7 dagger of Pitom (weapon) {venom, +Inv Str+4 Int+2 Dex+4}
   (You found it on level 7 of the Dungeon)

   It poisons the flesh of those it strikes.
   It affects your strength (+4).
   It affects your intelligence (+2).
   It affects your dexterity (+4).
   It lets you turn invisible.
Missiles
 c - a curare-tipped needle
 k - 110 stones (quivered)
 l - 72 sling bullets
 u - 8 needles of sleeping
 y - 15 poisoned needles
Armour
 e - a +0 robe (worn)
 x - a +1 cloak
Jewellery
 t - an amulet of harm (around neck)
Wands
 A - a wand of flame (26)
 B - a wand of random effects (25)
Scrolls
 h - 5 scrolls of identify {!r, unknown}
 i - 4 scrolls of teleportation {!r, unknown}
 j - 2 scrolls of noise {!r, unknown}
 o - a scroll of blinking {!r, unknown}
 p - a scroll of fog {!r, unknown}
 z - a scroll of remove curse {!r, unknown}
Potions
 d - 3 potions of curing {!q}
 m - a potion of flight {!q, unknown}
 n - a potion of mutation {!q, unknown}
 q - 2 potions of ambrosia {!q, unknown}
 s - a potion of degeneration {!q, unknown}
 w - a potion of agility {!q, unknown}
Comestibles
 g - 6 rations


   Skills:
 - Level 1.5 Fighting
 - Level 1.3 Staves
 - Level 2.0 Throwing
 - Level 3.0 Stealth
 - Level 1.3 Spellcasting
   Level 3.0 Translocations
 + Level 10.1 Evocations


You had 8 spell levels left.
You didn't know any spells.
Your spell library was empty.

Dungeon Overview and Level Annotations

Branches:
Dungeon (7/15)
 Temple: D:4-7

Altars:
Nemelex Xobeh
Xom

Annotations:
D:2 Terence
D:4 Blork the orc


Innate Abilities, Weirdness & Mutations

You are very small and have problems with some larger weapons.
You are too small for most types of armour.
You have supernaturally acute eyesight. (SInv)
You are a herbivore.
You cover ground extremely quickly.
You need to consume almost no food.


Message History

The ooze is lightly wounded.
The ooze barely misses you.
You hit the ooze.
The ooze is poisoned.
The ooze is severely wounded.
The ooze completely misses you.
You puncture the ooze!
You kill the ooze!
A phantom comes into view.
Found a stone staircase leading up.
Found 14 gold pieces.
Found a scroll labeled GECKOI NYINN.
The orc shouts!
You hit the orc but do no damage.
The orc is poisoned.
The orc closely misses you.
You hit the orc but do no damage. The orc hits you with a hand axe.
You hit the orc but do no damage.
The orc looks as sick as possible!
The orc is moderately wounded.
You kill the orc!
You puncture the phantom!
The phantom is moderately damaged.
The phantom misses you.
You barely miss the phantom.
The phantom is moderately damaged.
The phantom barely misses you.
You hit the phantom.
The phantom is moderately damaged.
The phantom hits you.
You catch the helpless phantom completely off-guard!
You impale the phantom!!
The phantom is almost destroyed.
The phantom barely misses you.
You closely miss the phantom.
The phantom is almost destroyed.
The phantom hits you!
* * * LOW HITPOINT WARNING * * *
The phantom blinks!
You are lightly contaminated with residual magic.
A shadow imp comes into view.
The shadow imp shouts, "Admit defeat, thou vain beef-witted whey-face!"
You hear a shout!
You strike the helpless phantom from behind!
You puncture the phantom!
You destroy the phantom!
Your Evocations skill increases to level 10!
Evoke which item? (* to show all) (? for menu, Esc to quit)
Aiming: Random Effects
Press: ? - help, Shift-Dir - straight line, f - shadow imp
Aim: a shadow imp
Okay, then.
Evoke which item? (* to show all) (? for menu, Esc to quit)
Aiming: Throw Flame
Press: ? - help, Shift-Dir - straight line, f - shadow imp
Aim: a shadow imp The puff of flame misses the shadow imp.
You flicker for a moment.
Evoke which item? (* to show all) (? for menu, Esc to quit)
Aiming: Throw Flame
Press: ? - help, Shift-Dir - straight line, f/p - shadow imp
Aim: a shadow imp The puff of flame misses the shadow imp.
The shadow imp gestures at you. Pain shoots through your body!
You die...

#....##.#
#.###...(..#
#.<....%####
#####.$.# #...# #
#...# #.##
####...######.....
...............#...
...........@)..5...
................#.?#
######...#####..# #
#.$.# ....# #...#
.#..# #...# #.#.#
#... ... .... .


You could see a shadow imp.

Vanquished Creatures
  Pikel (D:7)
  A slave (D:7)
  An ogre (D:6)
  A phantom (D:6)
  A scorpion (D:7)
  An adder (D:7)
  An ooze (D:6)
  A leopard gecko (D:7)
  An orc (D:6)
  A giant cockroach (D:3)
  A hobgoblin (D:2)
  2 quokkas
  A kobold (D:2)
  A leopard gecko zombie (D:7)
  A quokka skeleton (D:4)
  3 rats
19 creatures vanquished.

Notes
Turn   | Place    | Note
-------+----------+-------------------------------------------
     0 | D:1      | Amnesiac the Spriggan Wanderer began the quest for the Orb.
     0 | D:1      | Amnesiac set off with: a curare-tipped needle, a +2 blowgun, a +0 quarterstaff, a potion of curing {!q}, a +0 robe, a +0 dagger, a ration
     0 | D:1      | Reached XP level 1. HP: 10/10 MP: 3/3
   225 | D:2      | Noticed Terence
   576 | D:4      | Noticed Blork the orc
   602 | D:4      | Noticed a worker ant
   612 | D:4      | Found a sparkling altar of Nemelex Xobeh.
   706 | D:4      | You fall through a shaft for 3 floors!
   714 | D:7      | Noticed a crimson imp
   719 | D:7      | Got a smoking dagger
   721 | D:7      | Identified the +7 dagger of Pitom {venom, +Inv Str+4 Int+2 Dex+4} (You found it on level 7 of the Dungeon)
   815 | D:7      | Reached skill level 1 in Evocations
   815 | D:7      | Reached XP level 2. HP: 11/14 MP: 1/5
   900 | D:7      | Reached skill level 2 in Evocations
   925 | D:7      | Found a shimmering altar of Xom.
   930 | D:7      | Noticed a scorpion
   979 | D:7      | Killed a scorpion
   979 | D:7      | Reached skill level 4 in Evocations
   979 | D:7      | Reached XP level 3. HP: 18/18 MP: 3/7
   979 | D:7      | Reached XP level 4. HP: 22/22 MP: 3/8
   994 | D:7      | Noticed a slave
  1014 | D:7      | Killed a slave
  1106 | D:7      | Noticed Pikel
  1107 | D:7      | Noticed a slave
  1116 | D:7      | Noticed a slave
  1138 | D:7      | Killed Pikel
  1138 | D:7      | Reached skill level 9 in Evocations
  1138 | D:7      | Reached XP level 5. HP: 25/25 MP: 7/12
  1138 | D:7      | Reached XP level 6. HP: 30/30 MP: 7/13
  1238 | D:6      | Reached XP level 7. HP: 33/33 MP: 11/15
  1269 | D:6      | Reached skill level 10 in Evocations
  1271 | D:6      | Killed from afar by a shadow imp

Vault maps used:
D:1:      evilmike_arrival_plus
D:2:      hangedman_ru_absence, first_ration, minmay_misc_feat_iff,
          minmay_split_cup_small, uniq_crazy_yiuf_cottage, uniq_jessica,
          uniq_terence
D:3:      lemuel_round_altar, uniq_ijyb
D:4:      lemuel_zombie_altar_kikubaaqudgha, nemelex_xobeh_ov_fountains_minmay,
          uniq_blork_the_orc
D:6:      marbit_many_paths, minmay_temple_entry_overgrown, uniq_sigmund
D:7:      xom_butterflies, uniq_pikel

Skill      XL: |  1  2  3  4  5  6  7 |
---------------+----------------------+-----
Throwing       | 2 |  2.0
Evocations     | 1 4 9 10 | 10.1
Fighting       | |  1.5
Staves         | |  1.3
Stealth        | |  3.0
Spellcasting   | |  1.3
Translocations | |  3.0

Action                   |  1- 3 |  4- 6 |  7- 9 || total
-------------------------+-------+-------+-------++-------
Melee: Quarterstaff      |    14 |       |       ||    14
       Dagger            |     8 |    15 |    13 ||    36
 Abil: Evoke Invisibilit |     2 |     2 |       ||     4
Evoke: Wand              |       |       |     2 ||     2
 Stab: Sleeping          |     3 |       |       ||     3
       Invisible         |       |     3 |     2 ||     5
Armor: Robe              |     4 |       |       ||     4
Dodge: Dodged            |    16 |     7 |     8 ||    31

Table legend:
 A = Spawn XP
 B = Non-spawn XP
 C = Spawn XP percentage of total XP
 D = Spawn monster count
 E = Non-spawn monster count
 F = Spawn count percentage of total count
 G = Total turns spent on level
                    A         B        C        D         E        F      G
               +---------+---------+-------+---------+---------+-------+---------
         Total |       0 |     972 |   0.0 |       0 |      18 |   0.0 |  1271
               +---------+---------+-------+---------+---------+-------+---------
           D:1 |       0 |       2 |   0.0 |       0 |       2 |   0.0 |   295
           D:2 |       0 |       3 |   0.0 |       0 |       2 |   0.0 |    64
           D:3 |       0 |       5 |   0.0 |       0 |       3 |   0.0 |   104
           D:4 |       0 |       1 |   0.0 |       0 |       1 |   0.0 |   243
           D:6 |       0 |     266 |   0.0 |       0 |       5 |   0.0 |   121
           D:7 |       0 |     695 |   0.0 |       0 |       5 |   0.0 |   444
               +---------+---------+-------+---------+---------+-------+---------
